 Dungeon Crawl Stone Soup version 0.32-a0-643-ga006e7742e (webtiles) character file.

Game seed: 7065151672042810887

50 ezpacito the Chopper (level 3, -5/29 HPs)
             Began as a Coglin Chaos Knight on Mar 7, 2024.
             Was a Plaything of Xom.
             Slain by a gnoll
             ... wielding a +0 halberd
              (10 damage)
             ... on level 2 of the Dungeon.
             The game lasted 00:01:58 (1189 turns).

ezpacito the Chopper (Coglin Chaos Knight)          Turns: 1189, Time: 00:01:58

Health: -5/29      AC:  7    Str: 22    XL:     3   Next: 79%
Magic:  3/3        EV:  2    Int: 11    God:    Xom [..*...]
Gold:   50         SH:  0    Dex: 13    Spells: 2/2 levels left

rFire   . . .        a - +0 hand axe (chaos) {Fernanda}
rCold   . . .        j - +0 spear {Lucia}
rNeg    . . .        b - +2 leather armour
rPois   .            (no helmet)
rElec   .            (no cloak)
rCorr   .            n - +0 pair of gloves
SInv    .            k - +0 pair of boots "Ewewnus" {-Tele Will+ Str+8}
Will    +....        (amulet unavailable)
Stlth   +            (ring unavailable)
HPRegen 0.24/turn    (ring unavailable)
MPRegen 0.08/turn    (no gizmo)

%: no teleportation
@: constricted, revving
A: off-hand wielding, slow wielding, warmup strikes, no jewellery
a: Invent Gizmo, Renounce Religion


You were on level 2 of the Dungeon.
You worshipped Xom.
You were a toy of Xom.
You visited 1 branch of the dungeon, and saw 2 of its levels.

You collected 64 gold pieces.
You spent 14 gold pieces at shops.

Inventory:

Hand Weapons
 a - a +0 hand axe of chaos (weapon) {Fernanda}
 j - a +0 spear (offhand) {Lucia}
Missiles
 h - 5 poisoned darts (quivered)
 i - 4 boomerangs
Armour
 b - a +2 leather armour (worn)
 k - the +0 pair of boots "Ewewnus" (worn) {-Tele Will+ Str+8}
   (You found it on level 2 of the Dungeon)

   Str+8:     It affects your strength (+8).
   Will+:     It increases your willpower.
   -Tele:     It prevents most forms of teleportation.
 n - a +0 pair of gloves (worn)
Scrolls
 d - a scroll of fear {unknown}
 e - 2 scrolls of teleportation {unknown}
 f - 2 scrolls of identify {unknown}
 g - a scroll of enchant armour {unknown}
 m - a scroll of poison {unknown}


   Skills:
 * Level 3.2 Fighting
 * Level 3.3 Axes
 + Level 0.6(2.0) Polearms
 * Level 2.2 Armour
 * Level 1.7 Dodging
 + Level 0.6 Stealth
 + Level 0.2 Spellcasting


You had 2 spell levels left.
You didn't know any spells.
Your spell library was empty.

Dungeon Overview and Level Annotations

Branches:
Dungeon (2/15)

Altars:

Shops:
D:2 !


Innate Abilities, Weirdness & Mutations

You can wield a second weapon in your off-hand.
It takes a long time for you to wield or remove held weapons.
Your first few attacks do less damage.
You cannot equip rings or amulets.


Message History

A ball python comes into view.
The gnoll barely misses your butterfly.
Things that are here:
a +0 spear; a gnoll corpse The gnoll hits you with a +0 spear.
You take 4 damage, and have 16/29 hp.
You hit the gnoll with your +0 spear.
The gnoll is lightly wounded.
You hit the gnoll but do no damage. The gnoll hits you with a +0 spear.
You take 3 damage, and have 13/29 hp.
You hit the gnoll but do no damage.
The gnoll is lightly wounded.
You closely miss the gnoll with your +0 hand axe of chaos.
The gnoll barely misses you. The gnoll hits you with a +0 spear.
You take 4 damage, and have 9/29 hp.
You closely miss the gnoll with your +0 spear.
The gnoll is lightly wounded.
You hit the gnoll with your +0 hand axe of chaos.
Lightning courses through the gnoll!!
You kill the gnoll!
The gnoll barely misses you. The ball python bites you.
* * * LOW HITPOINT WARNING * * *
The ball python grabs you. The ball python constricts you.
* * * LOW HITPOINT WARNING * * *
You take 3 damage, and have 6/29 hp.
You closely miss the ball python with your +0 hand axe of chaos.
You barely miss the ball python with your +0 spear.
The gnoll hits you but does no damage.
The ball python bites you but does no damage.
The ball python constricts you.
The gnoll hits you from afar with a +0 halberd.
* * * LOW HITPOINT WARNING * * *
You take 5 damage, and have 1/29 hp.
It was a potion of curing.
You feel better.
Xom thinks this is hilarious!
The ball python bites you but does no damage.
The ball python constricts you.
* * * LOW HITPOINT WARNING * * *
The gnoll hits you from afar with a +0 halberd!
You die...

## #.##.#....#
.###.##.[....#
.....##.####.# ###
#.#.....# #.#.#..
#...###.# .#.###
#...# #.# # ..#<.
##..# #.##.# #.#$# #
##.#
#....#####S#.##.#
#.###.##.#...b@?....#
#........#.##b##.####
####..#..#.##g##b#
#....#....##g##g#
#.#..##.####b##.#
...##....# #.##.# #.#
##...####b..g# #.
##...†...#### .
#...###....########


You could see 2 gnolls and a ball python.

Vanquished Creatures
  2 gnolls (D:2)
  A dart slug (D:1)
  3 ball pythons
  5 endoplasms (D:1)
  A giant cockroach (D:1)
  3 goblins (D:1)
  A hobgoblin (D:1)
  A kobold (D:2)
  3 quokkas
  2 bats (D:2)
  2 frilled lizards
  2 rats (D:1)
26 creatures vanquished.

Notes
Turn   | Place    | Note
-------+----------+-------------------------------------------
     0 | D:1      | ezpacito the Coglin Chaos Knight began the quest for the
                  | Orb.
     0 | D:1      | Reached XP level 1. HP: 18/18 MP: 1/1
    13 | D:1      | XOM: silly message
    54 | D:1      | Reached skill level 1 in Dodging
    96 | D:1      | XOM: divination: detect items
   103 | D:1      | Reached XP level 2. HP: 24/24 MP: 2/2
   261 | D:1      | XOM: 1-stop teleportation journey
   388 | D:1      | XOM: noise
   532 | D:1      | XOM: noise
   694 | D:1      | Reached XP level 3. HP: 29/29 MP: 3/3
  1032 | D:2      | Found Vecloid's Distillery.
  1040 | D:2      | Bought a potion of degeneration for 14 gold pieces
  1050 | D:2      | Identified the +0 pair of boots "Ewewnus" {-Tele Will+
                  | Str+8}
  1166 | D:2      | XOM: butterfly on damage
  1188 | D:2      | HP: 1/29 [gnoll/+0 halberd (5)]
  1189 | D:2      | Slain by a gnoll

Illustrated notes

Levels and vault maps discovered:
D:1:      beargit_arrival_greenhouse, layout_basic
D:2:      layout_basic, chequers_ecumenical_altar_simple, serial_shops, shop,
          st_stairs_10, hangedman_decor_push

Skill      XL: |  1  2 |
---------------+-------+-----
Dodging        | 1 |  1.7
Armour         | 2 |  2.2
Fighting       | |  3.2
Axes           | |  3.3
Polearms       | |  0.6
Stealth        | |  0.6
Spellcasting   | |  0.2

Action                     || total
---------------------------++-------
  Melee: Hand axe          ||    50
         Dagger            ||    26
         Spear             ||    19
  Throw: Dart              ||     1
    Use: Scroll            ||     1
         Potion            ||     1
   Stab: Confused          ||     2
 Armour: Leather armour    ||    37
  Dodge: Dodged            ||    23

Table legend: (Time is in decaauts)
 A = Elapsed time spent in this place.
 B = Non-inter-level travel time spent in this place.
 C = Inter-level travel time spent in this place.
 D = Time resting spent in this place.
 E = Time spent auto-exploring this place.
 F = Levels seen in this place.
 G = Mean time per level.
                   A        B        C        D        E       F      G
               +--------+--------+--------+--------+--------+-----+--------+
         Total |   1193 |   1035 |    158 |      0 |    775 |   2 |  596.5 |
       Dungeon |   1193 |   1035 |    158 |      0 |    775 |   2 |  596.5 |
               +--------+--------+--------+--------+--------+-----+--------+

Top non-repeatable levels by time:
     D:1: 1029 daAuts
     D:2: 164 daAuts
